 Dungeon Crawl Stone Soup version 0.25-a0-294-gea9b1ad378 (webtiles) character file.

Game seed: 13360948351630555, levelgen mode: deterministic

140 Lanoc the Vexing (level 5, -1/40 HPs)
             Began as a Barachi Arcane Marksman on Dec 17, 2019.
             Was a Follower of Vehumet.
             Slain by a black bear (5 damage)
             ... on level 2 of the Dungeon.
             The game lasted 00:06:25 (1916 turns).

Lanoc the Vexing (Barachi Arcane Marksman)          Turns: 1916, Time: 00:06:26

Health: -1/40      AC:  3    Str: 12    XL:     5   Next: 23%
Magic:  14/15      EV: 13    Int: 13    God:    Vehumet [*.....]
Gold:   104        SH:  0    Dex: 13    Spells: 4/6 levels left

rFire    . . .     SeeInvis .   b - +0 hunting sling
rCold    . . .     Gourm    .   (no shield)
rNeg     . . .     Faith    .   e - +1 robe
rPois    .         Spirit   .   (no helmet)
rElec    .         Reflect  .   (no cloak)
rCorr    .         Harm     .   (no gloves)
MR       .....                  (no boots)
Stlth    +.........             i - amulet of regeneration
HPRegen  0.53/turn              l - ring of magical power
MPRegen  0.14/turn              (no ring)

@: can't hop, very slightly contaminated, slow
A: +LOS, swims, slowness 1, strong legs 1
a: Hop, Renounce Religion


You were on level 2 of the Dungeon.
You worshipped Vehumet.
Vehumet was aware of your devotion.
You were very hungry.

You visited 1 branch of the dungeon, and saw 3 of its levels.

You collected 104 gold pieces.

Inventory:

Hand Weapons
 a - a +0 shortbow
 b - a +0 hunting sling (weapon)
Missiles
 d - 36 arrows
 j - 97 stones (quivered)
Armour
 e - a +1 robe (worn)
Jewellery
 i - an amulet of regeneration (around neck)
 l - a ring of magical power (left hand)
Scrolls
 c - 2 scrolls of remove curse
 h - 2 scrolls of identify
Comestibles
 f - 3 rations


   Skills:
 + Level 2.9 Fighting
 - Level 3.3 Bows
 + Level 3.2 Dodging
 - Level 1.1 Spellcasting
 - Level 3.8 Hexes
 * Level 1.6 Ice Magic


You had 4 spell levels left.
You knew the following spells:

 Your Spells              Type           Power        Failure   Level  Hunger
a - Corona                Hex            ##.....      6%          1    ##.....
b - Freeze                Ice            #...         14%         1    ##.....

Your spell library contained the following spells:

 Spells                   Type           Power        Failure   Level  Hunger
 Slow                     Hex            ##......     9%          2    ###....
 Inner Flame              Hex/Fire       #.......     36%         3    ####...
 Portal Projectile        Hex/Tloc       #.....       36%         3    ####...
 Cause Fear               Hex            ##........   50%         4    #####..
 Leda's Liquefaction      Hex/Erth       #.........   77%         4    #####..


Dungeon Overview and Level Annotations

Branches:
Dungeon (3/15)

Altars:
Vehumet
Wu Jian
The Shining One

Annotations:
D:3 Natasha


Innate Abilities, Weirdness & Mutations

You can be seen from farther away. (+LOS)
You can swim through water.
You cover ground slowly.
You can hop short distances.


Message History

* * * LOW HITPOINT WARNING * * *
There is an escape hatch in the ceiling here.
Natasha mumbles some strange words.
The black bear misses you. The black bear closely misses you. x2
Your legs are too worn out to hop.
There is a stone staircase leading up here.
The black bear bites you.
* * * LOW HITPOINT WARNING * * *
The black bear claws you.
* * * LOW HITPOINT WARNING * * *
The black bear claws you.
* * * LOW HITPOINT WARNING * * *
You climb upwards.
There is a stone staircase leading down here.
Search for what [? for help]? trap Can't find anything matching that.
The black bear barely misses you. x2; The black bear claws you.
* * * LOW HITPOINT WARNING * * *
The black bear bites you.
You die...

#.....# #.#...###.. #.....#
#.....##### #.....#
#..##..####
#>....###..##......
#.....#.......#.###
###.#..>#..##....##
##...###..##....#.
########h...###..##......
##....#..@.#...........#..
##.........###.............
#......⌠..##_##..........##
#..........'##...........#
#.......PP..#.......####.##
##......≈≈P.....###........
##......P.....## ######.#.
###......#...# #...
############ ###.


You could see a black bear.

Vanquished Creatures
  Jessica (D:3)
  3 adders
  2 oozes
  2 worms
  3 dart slugs (D:1)
  5 leopard geckos
  An orc (D:3)
  2 giant cockroaches
  6 goblins
  9 hobgoblins
  5 jackals (D:2)
  A quokka (D:3)
  A ball python (D:3)
  7 bats
  4 frilled lizards
  5 kobolds
  5 rats
62 creatures vanquished.

Notes
Turn   | Place    | Note
-------+----------+-------------------------------------------
     0 | D:1      | Lanoc the Barachi Arcane Marksman began the quest for the
                  | Orb.
     0 | D:1      | Reached XP level 1. HP: 15/15 MP: 2/2
   124 | D:1      | Reached XP level 2. HP: 20/21 MP: 3/3
   461 | D:1      | Reached XP level 3. HP: 27/27 MP: 4/4
  1029 | D:2      | Reached XP level 4. HP: 33/33 MP: 5/5
  1231 | D:2      | Found an ornate altar of the Wu Jian Council.
  1381 | D:2      | Found a glowing golden altar of the Shining One.
  1470 | D:3      | Found a faded altar of an unknown god.
  1477 | D:3      | Became a worshipper of Vehumet
  1477 | D:3      | Reached * piety under Vehumet
  1477 | D:3      | Offered knowledge of Freeze by Vehumet.
  1500 | D:3      | Learned a level 1 spell: Freeze
  1743 | D:3      | Noticed Jessica
  1753 | D:3      | Reached skill level 1 in Ice Magic
  1761 | D:3      | Killed Jessica
  1761 | D:3      | Reached XP level 5. HP: 14/40 MP: 6/6
  1834 | D:3      | Noticed Natasha
  1835 | D:3      | Noticed a black bear
  1876 | D:3      | HP: 2/40 [black bear (2)]
  1912 | D:2      | HP: 2/40 [black bear (3)]
  1916 | D:2      | Slain by a black bear

Levels and vault maps discovered:
D:1:      nzn_arrival_water_spiral, layout_basic
D:2:      layout_rooms, lemuel_round_altar, tso_oasis_becter
D:3:      layout_loops_corners, kiku_gazebo_pond_becter,
          chequers_ecumenical_altar_simple_redux, uniq_jessica, uniq_natasha

Skill      XL: |  1  2  3  4 |
---------------+-------------+-----
Fighting       | 2 |  2.9
Bows           | 3 |  3.3
Dodging        | 3 |  3.2
Ice Magic      | 1 |  1.6
Spellcasting   | |  1.1
Hexes          | |  3.8

Action                   |  1- 3 |  4- 6 || total
-------------------------+-------+-------++-------
 Fire: Shortbow          |    42 |     5 ||    47
       Hunting sling     |    72 |   100 ||   172
 Cast: Freeze            |       |    26 ||    26
       Corona            |       |     4 ||     4
 Abil: Hop               |       |     1 ||     1
  Use: Potion            |       |     2 ||     2
       Scroll            |       |     4 ||     4
  Eat: Chunk             |       |     4 ||     4
Armor: Robe              |    14 |    16 ||    30
Dodge: Dodged            |    28 |    80 ||   108

Table legend:
 A = Non-vault XP
 B = Vault XP
 C = Vault XP percentage of total XP
 D = Non-vault monster count
 E = Vault monster count
 F = Vault count percentage of total count
                 A         B        C        D         E       F
            +---------+---------+-------+---------+---------+-------
      Total |     164 |      37 |  18.4 |      61 |       1 |   1.6
            +---------+---------+-------+---------+---------+-------
        D:1 |      43 |       0 |   0.0 |      20 |       0 |   0.0
        D:2 |      89 |       0 |   0.0 |      32 |       0 |   0.0
        D:3 |      32 |      37 |  53.6 |       9 |       1 |  10.0
            +---------+---------+-------+---------+---------+-------
